 Dungeon Sprint DCSS version 0.17-a0-1078-g243345b (webtiles) character file.

2517 Trafet the Brawler (level 9, 0/75 HPs)
             Began as a Troll Transmuter on May 19, 2015.
             Slain by a komodo dragon (20 damage)
             ... in the Dungeon (Sprint IX: "|||||||||||||||||||||||||||||").
             The game lasted 00:03:03 (614 turns).

Trafet the Brawler (Troll Transmuter)                Turns: 614, Time: 00:03:03

Health: 0/75       AC:  5    Str: 20    XL:     9   Next: 29%
Magic:  9/9        EV:  9    Int: 12    God:    Xom [..*...]
Gold:   0          SH:  0    Dex: 10    Spells: 1 memorised, 9 levels left

rFire  . . .     SeeInvis .       - Unarmed
rCold  . . .     Clarity  .     b - +0 robe
rNeg   . . .     SustAb   .     (no shield)
rPois  .         Gourm    +     (helmet restricted)
rElec  .         Spirit   .     (no cloak)
rCorr  .         Warding  .     (gloves unavailable)
rMut   .         NoTele   +     (boots unavailable)
MR     .....                    (no amulet)
Stlth  +.........               (no ring)
                                (no ring)

@: not resistant to hostile enchantments, very unstealthy
A: unfitting armour, claws 3, fast metabolism 3, gourmand, regeneration 2,
shaggy fur 1, tough skin 2
a: Renounce Religion


You were in the Dungeon.
You worshipped Xom.
You were a toy of Xom.
You were not hungry.

You visited 1 branch

Inventory:

Missiles
 a - 12 arrows
 t - 20 poisoned arrows
Armour
 b - a +0 robe (worn)
Magical staves
 p - an uncursed staff of energy
Jewellery
 n - a +3 ring of dexterity
 o - a +2 ring of protection
Magical devices
 m - a wand of draining (7)
Scrolls
 j - 3 scrolls of blinking
 k - 4 scrolls of remove curse
 l - 2 scrolls of amnesia
 s - 2 scrolls of identify
 u - 2 scrolls of enchant armour
 v - a scroll of recharging
Potions
 e - a potion of invisibility
 f - 4 potions of heal wounds
 g - 4 potions of curing
 h - 4 potions of magic
 i - a potion of resistance
 q - a potion of brilliance
 r - a potion of cure mutation
Books
 c - a book of Changes

   Spells                             Type                      Level
   a - Beastly Appendage              Transmutation                1
   b - Sticks to Snakes               Transmutation                2
   c - Spider Form                    Transmutation/Poison         3
   d - Ice Form                       Ice/Transmutation            4
   e - Blade Hands                    Transmutation                5
Comestibles
 d - 2 bread rations


   Skills:
 - Level 0.7 Fighting
 - Level 1.5 Dodging
 + Level 19.6 Unarmed Combat
 - Level 1.2 Spellcasting
 - Level 1.3 Transmutations


You had 9 spell levels left.
You knew the following spells:

 Your Spells              Type           Power        Failure   Level  Hunger
a - Beastly Appendage     Trmt           #.....       17%         1    ##.....


Dungeon Overview and Level Annotations

Branches:
Dungeon (1/1)

Altars:
Cheibriados
Dithmenos
Elyvilon
Fedhas
Gozag
Kikubaaqudgha
Makhleb
Nemelex Xobeh
Okawaru
Qazlal
Ru
Sif Muna
Trog
Vehumet
Xom
Yredelemnul
Zin
The Shining One
Beogh
Jiyva
Lugonu


Innate Abilities, Weirdness & Mutations

You are too large for most types of armour.
You have claws for hands.
Your metabolism is lightning-fast.
You like to eat raw meat.
You heal very quickly.
You are covered in fur (AC +1).
You have very tough skin (AC +2).


Message History

The komodo dragon seems less confused.
The komodo dragon bites you!
You scratch the komodo dragon.
The komodo dragon begins to bleed from its wounds!
The komodo dragon is heavily wounded.
You closely miss the komodo dragon.
The komodo dragon is heavily wounded.
The komodo dragon barely misses you.
You claw the komodo dragon!
The komodo dragon is severely wounded.
The komodo dragon bites you!!
* * * LOW HITPOINT WARNING * * *
Xom is mildly amused.
You emit a cloud of colourful smoke!
You are too injured to fight recklessly!
You are too injured to fight recklessly!
Drink which item? (? for menu, Esc to quit)
You feel much better. The komodo dragon bites you!
* * * LOW HITPOINT WARNING * * *
The komodo dragon bites you!!
You die...
Xom cackles wildly!
V y ∆ ∆ @▓.▓.▓_▓ D b ∆ o ▓.▓.▓_▓ ∆ o o▓.▓.▓_▓ N ∆ ▓.▓.▓_▓ O i S ∆ ∆ ▓.▓.▓_▓ T N S ∆ o o o▓.▓.▓_▓ ∆ ∆ o▓§▓.▓_▓ C N ∆ ∆ ▓§▓.▓_▓ S N o ▓@▓.▓_▓ C g S

∆ o
▓l▓S▓_▓
∆ ∆
▓.▓t▓_▓
∆ o o
r▓†▓.▓_▓
m S ∆ o
∆
▓.▓.▓_▓


h m o ▓S▓.▓_▓ m ∆ o ▓.▓.▓_▓ m ∆ o ▓.▓.▓'▓ o y ∆ ▓S▓.▓ You could see a komodo
dragon (bleeding) and a water moccasin (confused).

Vanquished Creatures
  An ugly thing (D)
  2 black mambas (D)
  A fire drake (D)
  A hungry ghost (D)
  2 vampire mosquitoes (D)
  A hippogriff (D)
  A wolf (D)
  2 porcupines (D)
  2 crocodiles (D)
  A giant frog (D)
  A killer bee (D)
  A crimson imp (D)
  A hound (D)
  A worker ant (D)
  An iguana (D)
  An adder (D)
  3 orcs (D)
  2 bat skeletons (D)
  A giant cockroach (D)
  A kobold (D)
  A quokka (D)
  A giant cockroach zombie (D)
  A giant gecko zombie (D)
  3 goblins (D)
33 creatures vanquished.

Vanquished Creatures (collateral kills)
  A black mamba (D)
  A crocodile (D)
  A giant frog (D)
  2 iguanas (D)
5 creatures vanquished.

Vanquished Creatures (others)
  A crimson imp (D)
  A quasit (D)
  An iron imp (D)
  A shadow imp (D)
  A white imp (D)
5 creatures vanquished.

Grand Total: 43 creatures vanquished

Notes
Turn   | Place    | Note
--------------------------------------------------------------
     0 | D        | Trafet the Troll Transmuter began the quest for the Orb.
     0 | D        | Reached XP level 1. HP: 18/18 MP: 1/1
    22 | D        | Reached skill level 4 in Unarmed Combat
    46 | D        | Noticed a crimson imp
    46 | D        | Noticed a worker ant
    68 | D        | Killed a worker ant
    68 | D        | Reached skill level 7 in Unarmed Combat
    68 | D        | Reached XP level 2. HP: 17/26 MP: 2/2
    68 | D        | Reached XP level 3. HP: 20/32 MP: 3/3
    72 | D        | Killed a crimson imp
    72 | D        | Reached skill level 8 in Unarmed Combat
    72 | D        | Reached XP level 4. HP: 21/40 MP: 4/4
   107 | D        | Found a glowing silver altar of Zin.
   107 | D        | Found a glowing golden altar of the Shining One.
   107 | D        | Found an ancient bone altar of Kikubaaqudgha.
   107 | D        | Found a basalt altar of Yredelemnul.
   107 | D        | Found a shimmering altar of Xom.
   107 | D        | Found a radiant altar of Vehumet.
   108 | D        | Found an iron altar of Okawaru.
   109 | D        | Found a burning altar of Makhleb.
   110 | D        | Found a deep blue altar of Sif Muna.
   111 | D        | Found a bloodstained altar of Trog.
   112 | D        | Found a sparkling altar of Nemelex Xobeh.
   113 | D        | Found a white marble altar of Elyvilon.
   114 | D        | Found a roughly hewn altar of Beogh.
   115 | D        | Found a viscous altar of Jiyva.
   116 | D        | Found a corrupted altar of Lugonu.
   117 | D        | Found a blossoming altar of Fedhas.
   118 | D        | Found a snail-covered altar of Cheibriados.
   119 | D        | Found a shadowy altar of Dithmenos.
   120 | D        | Found a stormy altar of Qazlal.
   121 | D        | Found an opulent altar of Gozag.
   122 | D        | Found a sacrificial altar of Ru.
   132 | D        | Became a worshipper of Xom of Chaos
   192 | D        | Noticed a hound
   192 | D        | Noticed a killer bee
   199 | D        | Killed a hound
   199 | D        | Reached skill level 9 in Unarmed Combat
   201 | D        | Killed a killer bee
   201 | D        | Reached skill level 10 in Unarmed Combat
   201 | D        | Reached XP level 5. HP: 46/46 MP: 5/5
   210 | D        | Noticed a purple ugly thing
   210 | D        | Noticed a vampire mosquito
   210 | D        | Noticed a hungry ghost
   210 | D        | Noticed a vampire mosquito
   212 | D        | XOM: potion effect (invisibility)
   218 | D        | Killed a white ugly thing
   218 | D        | Reached skill level 14 in Unarmed Combat
   218 | D        | Reached XP level 6. HP: 54/54 MP: 6/6
   224 | D        | Killed a vampire mosquito
   224 | D        | Reached skill level 15 in Unarmed Combat
   224 | D        | Reached XP level 7. HP: 61/61 MP: 7/7
   225 | D        | XOM: potion effect (might)
   228 | D        | XOM: potion effect (invisibility)
   234 | D        | XOM: summons friendly white imp
   242 | D        | Killed a hungry ghost
   244 | D        | Killed a vampire mosquito
   244 | D        | Reached skill level 16 in Unarmed Combat
   408 | D        | XOM: colour smoke trail
   411 | D        | Noticed a crocodile
   411 | D        | Noticed an iguana
   411 | D        | Noticed a porcupine
   411 | D        | Noticed an iguana
   411 | D        | Noticed a hippogriff
   411 | D        | Noticed a black mamba
   413 | D        | Killed a crocodile
   416 | D        | Noticed a black mamba
   419 | D        | XOM: summons 1 friendly demon
   420 | D        | Killed an iguana
   421 | D        | Noticed an iguana
   422 | D        | Killed a porcupine
   422 | D        | Reached XP level 8. HP: 27/68 MP: 8/8
   428 | D        | XOM: summons 2 friendly demons
   430 | D        | XOM: summons 3 friendly demons
   437 | D        | XOM: enchant monster (good)
   444 | D        | XOM: confuse monster(s)
   444 | D        | Killed an iguana
   446 | D        | Noticed a giant frog
   446 | D        | Killed an iguana
   450 | D        | Killed a black mamba
   450 | D        | Reached skill level 17 in Unarmed Combat
   466 | D        | Killed a hippogriff
   468 | D        | XOM: divination: detect creatures
   471 | D        | Killed a black mamba
   471 | D        | Reached skill level 18 in Unarmed Combat
   475 | D        | Killed a giant frog
   551 | D        | XOM: harmless Conj miscast
   585 | D        | Noticed a crocodile
   585 | D        | Noticed a wolf
   585 | D        | Noticed a porcupine
   585 | D        | Noticed a black mamba
   585 | D        | Noticed a fire drake
   585 | D        | Noticed a komodo dragon
   590 | D        | Noticed a crocodile
   590 | D        | Killed a crocodile
   594 | D        | Killed a wolf
   595 | D        | XOM: divination: detect items
   596 | D        | Noticed a giant frog
   596 | D        | Killed a porcupine
   596 | D        | Reached XP level 9. HP: 48/75 MP: 9/9
   598 | D        | Noticed a water moccasin
   599 | D        | XOM: confuse monster(s)
   602 | D        | Killed a black mamba
   602 | D        | Reached skill level 19 in Unarmed Combat
   602 | D        | Killed a crocodile
   603 | D        | Killed a giant frog
   606 | D        | Killed a fire drake
   612 | D        | HP: 1/75 [komodo dragon (27)]
   612 | D        | XOM: smoke on damage
   614 | D        | Slain by a komodo dragon

Vault maps used:
D:        linesprint

Action                   |  1- 3 |  4- 6 |  7- 9 || total
-------------------------+-------+-------+-------++-------
Melee: Unarmed           |    46 |    29 |    71 ||   146
  Use: Potion            |     2 |     1 |     2 ||     5
 Stab: Invisible         |       |     3 |     3 ||     6
       Confused          |       |       |     2 ||     2
  Eat: Chunk             |     3 |       |     7 ||    10
